 Dungeon Crawl Stone Soup version 0.21.1-1-g345015fe64 (webtiles) character file.

16331 Delanovic the Nimble (level 12, -3/60 HPs)
             Began as a Spriggan Enchanter on Apr 9, 2018.
             Was an Initiate of Gozag.
             Slain by Rupert
             ... wielding a +2 battleaxe of pain
              (9 damage)
             ... while paralysed by Rupert
             ... on level 13 of the Dungeon.
             The game lasted 01:25:57 (18045 turns).

Delanovic the Nimble (Spriggan Enchanter)          Turns: 18045, Time: 01:25:58

Health: -3/60      AC:  4    Str:  4    XL:     12   Next: 9%
Magic:  33/35      EV:  4    Int: 17    God:    Gozag
Gold:   2475       SH:  0    Dex: 25    Spells: 15/29 levels left

rFire    . . .     SeeInvis +   a - +2 dagger
rCold    . . .     Gourm    .   (shield restricted)
rNeg     . . .     Faith    .   b - +0 robe
rPois    +         Spirit   .   (helmet restricted)
rElec    .         Reflect  +   I - +1 cloak {rPois}
rCorr    .         Harm     .   (gloves unavailable)
MR       ++...                  (boots unavailable)
Stlth    ++++++....             G - +5 amulet of reflection
HPRegen  0.20/turn              E - +4 ring of dexterity
MPRegen  0.24/turn              y - ring of magical power

@: paralysed, gold aura, very slightly contaminated, very quick
A: very small, unfitting armour, see invisible, herbivore, speed 3, slow
metabolism 2
a: Potion Petition, Call Merchant, Bribe Branch, Renounce Religion


You were on level 13 of the Dungeon.
You worshipped Gozag.
Gozag was most pleased with you.
You were not hungry.

You visited 2 branches of the dungeon, and saw 14 of its levels.

You collected 2535 gold pieces.
You paid 60 gold pieces to Gozag.

Inventory:

Hand Weapons
 a - a +2 dagger (weapon)
Armour
 b - a +0 robe (worn)
 I - a +1 cloak of poison resistance (worn)
Jewellery
 y - a ring of magical power (right hand)
 D - an uncursed ring of wizardry
 E - a +4 ring of dexterity (left hand)
 G - a +5 amulet of reflection (around neck)
 O - an uncursed amulet of regeneration
 P - an uncursed ring of see invisible
Wands
 o - a wand of paralysis (12)
 H - a wand of iceblast (6)
Scrolls
 f - 2 scrolls of magic mapping
 g - a scroll of enchant weapon
 i - a scroll of immolation
 j - 3 scrolls of teleportation
 k - a scroll of enchant armour
 n - 4 scrolls of remove curse
 q - a scroll of identify
 r - 4 scrolls of fear
 s - 5 scrolls of amnesia
 v - a scroll of random uselessness {unknown}
 A - a scroll of holy word
 C - a scroll of brand weapon
 L - a scroll of vulnerability
 N - a scroll of fog {unknown}
Potions
 e - 3 potions of degeneration
 h - 2 potions of curing
 l - a potion of agility
 m - 2 potions of heal wounds {unknown}
 p - 2 potions of invisibility {unknown}
 t - a potion of cancellation
 u - 2 potions of might
 w - 3 potions of flight
 x - 2 potions of lignification
 z - a potion of haste
 M - a potion of mutation
Books
 c - a book of Maledictions

   Spells                             Type                      Level
   a - Corona                         Hexes                        1
   b - Ensorcelled Hibernation        Hexes/Ice                    2
   c - Confuse                        Hexes                        3
   d - Tukima's Dance                 Hexes                        3
   e - Dazzling Spray                 Conjuration/Hexes            3
 B - a book of Misfortune

   Spells                             Type                      Level
   a - Confusing Touch                Hexes                        1
   b - Confuse                        Hexes                        3
   c - Gell's Gravitas                Translocation                3
   d - Petrify                        Transmutation/Earth          4
   e - Metabolic Englaciation         Hexes/Ice                    5
   f - Yara's Violent Unravelling     Hexes/Transmutation          5
 F - a book of Flames

   Spells                             Type                      Level
   a - Flame Tongue                   Conjuration/Fire             1
   b - Throw Flame                    Conjuration/Fire             2
   c - Conjure Flame                  Conjuration/Fire             3
   d - Inner Flame                    Hexes/Fire                   3
   e - Sticky Flame                   Conjuration/Fire             4
   f - Fireball                       Conjuration/Fire             5
 J - a book of Minor Magic

   Spells                             Type                      Level
   a - Magic Dart                     Conjuration                  1
   b - Blink                          Translocation                2
   c - Call Imp                       Summoning                    2
   d - Slow                           Hexes                        2
   e - Conjure Flame                  Conjuration/Fire             3
   f - Mephitic Cloud                 Conjuration/Poison/Air       3
Comestibles
 d - 20 rations


   Skills:
 + Level 5.4 Fighting
 - Level 10.5 Short Blades
 * Level 14.5 Dodging
 + Level 14.2 Stealth
 - Level 9.0 Spellcasting
 - Level 5.7 Hexes
 - Level 0.3 Ice Magic


You had 15 spell levels left.
You knew the following spells:

 Your Spells              Type           Power        Failure   Level  Hunger
a - Corona                Hex            ####...      1%          1    None
b - Ensorcelled Hibernat  Hex/Ice        ###...       4%          2    None
c - Tukima's Dance        Hex            ####....     2%          3    None
d - Confuse               Hex            ####....     2%          3    None
e - Dazzling Spray        Conj/Hex       ###...       9%          3    None
f - Blink                 Tloc           N/A          14%         2    None


Dungeon Overview and Level Annotations

Branches:
Dungeon (13/15)            Temple (1/1) D:5            Lair (0/6) D:11
    Orc (0/2) D:10
 Vaults: D:13-14

Altars:
Ashenzari
Dithmenos
Gozag
Hepliaklqana
Kikubaaqudgha
Nemelex Xobeh
Qazlal
Ru
Sif Muna
Uskayaw
Vehumet
Xom
The Shining One

Shops:
D:12 }

Annotations:
D:11 Balthal's ghost, novice MiFi
D:13 Rupert


Innate Abilities, Weirdness & Mutations

You are very small and have problems with some larger weapons.
You are too small for most types of armour.
You have supernaturally acute eyesight. (SInv)
You are a herbivore.
You cover ground extremely quickly.
You need consume almost no food.


Message History

Confirm with . or Enter, or press ? or * to list all spells.
Aiming: Ensorcelled Hibernation
Press: ? - help, Shift-Dir - straight line, f/p - Rupert
Aim: Rupert, wielding a battleaxe of pain and wearing a leather armour (moderately wounded, fast, chance to defeat MR: 1%)
You miscast Ensorcelled Hibernation.
You are very lightly contaminated with residual magic.
Your hands feel numb with cold.
Rupert yells loudly at you.
You easily resist.
Rupert roars wildly at you.
You suddenly lose the ability to move!
Rupert hits you with a battleaxe of pain! x2
You writhe in agony.
Rupert hits you with a battleaxe of pain!
* * * LOW HITPOINT WARNING * * *
Rupert hits you with a battleaxe of pain!
* * * LOW HITPOINT WARNING * * *
Rupert hits you with a battleaxe of pain!
You die...
Your body crumbles into a pile of gold.

#######+###
#..$.......
#.?.......<
#..........
###.....%....
##.'@@........
###.<#.!........
+...##.........)
############+###


You could see Rupert.

Vanquished Creatures
  A two-headed ogre (D:9)
  A centaur warrior (D:12)
  The ghost of Tynka the Covert, a journeyman KoAs of Dithmenos (D:11)
  2 ugly things (D:11)
  A cyclops (D:11)
  A manticore (D:11)
  Maurice (D:10)
  The ghost of Tynka the Sneak, a novice KoAs of Dithmenos (D:5)
  A gargoyle (D:12)
  2 kobold demonologists (D:11)
  A komodo dragon (D:12)
  A queen bee (D:9)
  2 trolls (D:11)
  3 meliai (D:12)
  The ghost of Name63 the Digger, an amateur GnWn of the Shining One (D:4)
  6 slime creatures (D:12)
  2 hippogriffs
  A wraith (D:9)
  3 wyverns
  Grum (D:10)
  4 vampire mosquitoes
  2 hungry ghosts (D:12)
  Menkaure (D:6)
  A water moccasin (D:11)
  A porcupine (D:11)
  3 ice beasts
  2 sky beasts (D:5)
  A phantom (D:7)
  2 black bears
  3 orc warriors
  3 ogres
  A necrophage (D:7)
  3 wolves (D:10)
  9 centaurs
  2 big kobolds
  11 bullfrogs
  A gnoll sergeant (D:11)
  3 scorpions
  24 killer bees
  11 wights
  A howler monkey (D:9)
  6 crimson imps
  2 hounds
  A jelly (D:12)
  5 orc priests
  13 orc wizards
  A bullfrog skeleton (D:6)
  2 iguanas
  11 worker ants
  13 gnolls
  A worker ant zombie (D:7)
  9 adders
  2 oozes
  2 adder skeletons
  2 worms
  A dart slug (D:1)
  4 leopard geckos
  56 orcs
  2 ball pythons
  2 giant cockroaches
  15 goblins
  4 hobgoblins (D:1)
  7 jackals
  6 quokkas
  5 bats
  6 frilled lizards
  15 kobolds
  A quokka skeleton (D:5)
  A quokka zombie (D:5)
  6 rats
323 creatures vanquished.

Vanquished Creatures (collateral kills)
  2 orcs (D:3)
2 creatures vanquished.

Vanquished Creatures (others)
  2 dancing weapons
2 creatures vanquished.

Grand Total: 327 creatures vanquished

Notes
Turn   | Place    | Note
-------+----------+-------------------------------------------
     0 | D:1      | Delanovic the Spriggan Enchanter began the quest for the Orb.
     0 | D:1      | Reached XP level 1. HP: 9/9 MP: 5/5
  1351 | D:1      | Reached XP level 2. HP: 8/13 MP: 6/6
  1469 | D:1      | Learned a level 2 spell: Ensorcelled Hibernation
  1962 | D:1      | Reached skill level 5 in Stealth
  2112 | D:1      | Reached XP level 3. HP: 12/16 MP: 5/8
  2870 | D:2      | Learned a level 3 spell: Tukima's Dance
  3016 | D:2      | Reached XP level 4. HP: 19/21 MP: 7/10
  3805 | D:3      | Reached XP level 5. HP: 23/25 MP: 6/11
  4042 | D:3      | Found a stormy altar of Qazlal.
  4191 | D:3      | Learned a level 3 spell: Confuse
  4544 | D:4      | Noticed an ogre
  4621 | D:4      | Killed an ogre
  4621 | D:4      | Reached skill level 5 in Hexes
  4621 | D:4      | Reached XP level 6. HP: 12/29 MP: 1/13
  4675 | D:4      | Reached skill level 1 in Fighting
  4713 | D:4      | Noticed Name63's ghost (amateur GnWn)
  5078 | D:4      | Killed Name63's ghost
  5078 | D:4      | Reached skill level 5 in Spellcasting
  5311 | D:4      | Reached XP level 7. HP: 33/33 MP: 15/15
  5316 | D:4      | Learned a level 3 spell: Dazzling Spray
  5540 | D:5      | Entered Level 5 of the Dungeon
  6357 | D:5      | Noticed Tynka's ghost (novice KoAs)
  6387 | D:5      | Found a staircase to the Ecumenical Temple.
  6398 | Temple   | Entered the Ecumenical Temple
  6481 | Temple   | Became a worshipper of Gozag Ym Sagoz the Greedy
  6528 | D:5      | Killed Tynka's ghost
  6528 | D:5      | Reached XP level 8. HP: 30/38 MP: 11/19
  7194 | D:5      | Reached skill level 10 in Stealth
  7386 | D:6      | Found an ancient bone altar of Kikubaaqudgha.
  7432 | D:6      | Noticed Menkaure
  7440 | D:6      | Killed Menkaure
  7694 | D:6      | Found an ancient bone altar of Kikubaaqudgha.
  7847 | D:6      | Reached skill level 5 in Dodging
  7847 | D:6      | Reached XP level 9. HP: 42/42 MP: 22/22
  8079 | D:7      | Reached skill level 5 in Short Blades
  8484 | D:7      | Found a flagged portal.
 10022 | D:8      | Found a hazy altar of Hepliaklqana.
 10457 | D:9      | Reached XP level 10. HP: 44/46 MP: 5/24
 11424 | D:9      | Noticed a two-headed ogre
 11427 | D:9      | Killed a two-headed ogre
 11427 | D:9      | Reached skill level 10 in Dodging
 11516 | D:9      | Found a hide-covered altar of Uskayaw.
 12205 | D:10     | Entered Level 10 of the Dungeon
 12289 | D:10     | Noticed Maurice
 12292 | D:10     | Killed Maurice
 12617 | D:10     | Noticed Grum
 12634 | D:10     | Killed Grum
 12983 | D:10     | Found a staircase to the Orcish Mines.
 13189 | D:10     | Learned a level 2 spell: Blink
 13204 | D:10     | Found a radiant altar of Vehumet.
 13634 | D:11     | Noticed Tynka's ghost (journeyman KoAs)
 14024 | D:10     | Reached XP level 11. HP: 25/52 MP: 14/25
 14194 | D:11     | Killed Tynka's ghost
 14311 | D:11     | Noticed a green ugly thing
 14321 | D:11     | Reached skill level 10 in Short Blades
 14542 | D:11     | Killed a green ugly thing
 15196 | D:11     | Found a staircase to the Lair.
 15759 | D:11     | Noticed Balthal's ghost (novice MiFi)
 15761 | D:11     | Noticed a red ugly thing
 15947 | D:11     | Killed a red ugly thing
 16520 | D:12     | Found Mawexex's Gadget Boutique.
 17166 | D:12     | Noticed a centaur warrior
 17176 | D:12     | Reached skill level 5 in Fighting
 17179 | D:12     | Killed a centaur warrior
 17742 | D:12     | Reached XP level 12. HP: 60/60 MP: 26/26
 18029 | D:13     | Noticed Rupert
 18040 | D:13     | Paralysed by Rupert for 6 turns
 18045 | D:13     | Slain by Rupert

Skill      XL: |  1  2  3  4  5  6  7  8  9 10 11 |
---------------+----------------------------------+-----
Stealth        | 5 6 7 9 11 12 14 | 14.2
Spellcasting   | 3 4 5 7 8 9 |  9.0
Hexes          | 4 5 |  5.7
Short Blades   | 2 3 4 7 9 10 | 10.5
Fighting       | 1 2 3 5 |  5.4
Dodging        | 4 5 8 11 14 | 14.5
Ice Magic      | |  0.3

Action                   |  1- 3 |  4- 6 |  7- 9 | 10-12 || total
-------------------------+-------+-------+-------+-------++-------
Melee: Dagger            |   163 |   108 |   251 |   320 ||   842
 Cast: Corona            |    25 |     8 |    12 |       ||    45
       Ensorcelled Hiber |    12 |     9 |   109 |   261 ||   391
       Tukima's Dance    |       |     7 |       |     1 ||     8
       Confuse           |       |     7 |    26 |    51 ||    84
       Blink             |       |       |       |     4 ||     4
       Dazzling Spray    |       |       |       |    19 ||    19
  Use: Potion            |     1 |       |     4 |    12 ||    17
       Scroll            |       |       |     5 |    12 ||    17
 Stab: Sleeping          |    11 |     9 |    74 |   125 ||   219
       Confused          |       |     4 |    16 |    25 ||    45
       Distracted        |       |       |     3 |     3 ||     6
       Invisible         |       |       |       |     4 ||     4
  Eat: Ration            |     1 |     2 |     3 |     3 ||     9
Armor: Robe              |    11 |     5 |    22 |    17 ||    55
Dodge: Dodged            |   133 |    55 |   167 |   437 ||   792
Block: Other             |       |       |       |    44 ||    44
       Reflection        |       |       |       |     2 ||     2
